 Dungeon Crawl Stone Soup version 0.31-a0-221-gbddc013574 (webtiles) character file.

Game seed: 3410627131474931537

597 qw the Shooter (level 7, -2/51 (59) HPs)
             Began as a Minotaur Hexslinger on July 3, 2023.
             Slain by Duvessa
             ... wielding a +1 short sword of draining
              (3 damage)
             ... on level 5 of the Dungeon.
             The game lasted 00:01:15 (3577 turns).

qw the Shooter (Minotaur Hexslinger)                Turns: 3577, Time: 00:01:16

HP:   -2/51 (59)    AC:  3    Str: 13    XL:     7   Next: 17%
MP:   7/7           EV: 12    Int: 10    God:
Gold: 176           SH:  5    Dex: 14    Spells: 7/8 levels left

rFire   . . .        Y - +0 orcbow
rCold   . . .        (shield currently unavailable)
rNeg    . . .        e - +0 leather armour
rPois   .            (helmet restricted)
rElec   .            (no cloak)
rCorr   .            (no gloves)
SInv    .            (no boots)
Will    .....        a - amulet of reflection
Stlth   +            (no ring)
HPRegen 0.28/turn    (no ring)
MPRegen 0.10/turn

%: reflection
@: heavily drained
A: horns 2, retaliatory headbutt
a: no special abilities


You were on level 5 of the Dungeon.
You visited 1 branch of the dungeon, and saw 5 of its levels.

You collected 176 gold pieces.


Innate Abilities, Weirdness & Mutations

You have a pair of horns on your head.
You reflexively headbutt those who attack you in melee.


   Skills:
 - Level 4.0 Fighting
 + Level 7.9 Ranged Weapons
 - Level 2.1 Dodging
 - Level 1.0 Spellcasting
 - Level 2.0 Hexes


You had 7 spell levels left.
You knew the following spells:

 Your Spells              Type           Power      Damage    Failure   Level
a - Slow                  Hex            16%        N/A       19%         1

Your spell library contained the following spells:

 Spells                   Type           Power      Damage    Failure   Level
 Inner Flame              Hex/Fire       2%         N/A       65%         3
 Portal Projectile        Hex/Tloc       4%         N/A       65%         3
 Cause Fear               Hex            2%         N/A       88%         4

Inventory:

Hand Weapons
 Y - a +0 orcbow (weapon)
Armour
 e - a +0 leather armour (worn)
Jewellery
 a - an amulet of reflection (around neck)
Scrolls
 k - a scroll of identify
 l - a scroll of teleportation
Potions
 c - a potion of enlightenment
 d - a potion of heal wounds
 f - a potion of cancellation
 g - 3 potions of curing
 h - a potion of resistance {unknown}
 i - a potion of mutation {unknown}

Dungeon Overview and Level Annotations

Branches:
Dungeon (5/15)
 Temple: D:4-7

Altars:
Cheibriados
Wu Jian

Annotations:
D:5 Dowan, Duvessa


Message History

Enter note:
Enter note:
Enter note:
Enter note:
3572 ||| FLEEEEING.
A jelly comes into view.
The jelly quivers.
Enter note:
Enter note:
Enter note:
Enter note: You shoot an arrow.
The arrow hits Duvessa!
Duvessa is severely wounded.
You shoot an arrow. The arrow completely misses Duvessa.
The arrow hits Dowan!
Dowan is moderately wounded.
Dowan points at Duvessa and mumbles some strange words.
Duvessa seems to speed up.
You shoot an arrow. The arrow barely misses Duvessa.
Duvessa hits you with a +1 short sword of draining!
You feel drained. You block Duvessa's attack. Dowan casts a spell at you.
You resist with some effort.
You shoot an arrow. The arrow hits Duvessa.
Duvessa is severely wounded.
Duvessa hits you with a +1 short sword of draining!
You feel drained.
Duvessa hits you with a +1 short sword of draining.
You feel drained.
Dowan mumbles some strange words.
Dowan blinks!
You shoot an arrow.
The arrow hits Duvessa but does no damage.
Duvessa is severely wounded.
Duvessa hits you with a +1 short sword of draining.
You feel drained. You block the jelly's attack. Dowan casts a spell at you.
The puff of flame hits you!
Duvessa hits you with a +1 short sword of draining!
You feel drained.
You die...

##.............#
................#
...............#
...........<...#
...............#
.........ยค..#.##
............###
.......e..e...#
.#....@......#
......J......##
..........##.##
..........#...#
#..........#.##
...........###
#..#.#.......##
...###..##....#
#.##..... ##.
##...#


You could see Duvessa (fast), Dowan and a jelly.

Vanquished Creatures
  2 black bears (D:4)
  An ogre (D:4)
  2 scorpions (D:4)
  A howler monkey (D:4)
  A jelly (D:4)
  An iron imp (D:3)
  Jessica (D:2)
  An adder (D:4)
  7 dart slugs
  An orc (D:4)
  5 endoplasms
  5 giant cockroaches
  4 goblins
  13 hobgoblins
  8 jackals
  6 quokkas
  5 ball pythons
  4 bats
  2 frilled lizards
  5 kobolds
  3 rats (D:2)
78 creatures vanquished.

Notes
Turn   | Place    | Note
-------+----------+-------------------------------------------
     0 | D:1      | qw the Minotaur Hexslinger began the quest for the Orb.
     0 | D:1      | Reached XP level 1. HP: 16/16 MP: 1/1
     0 | D:1      | 0 ||| qw: Version: 0.3-a-40-ge99b1a8
     0 | D:1      | 0 ||| qw: Game counter: 578
     0 | D:1      | 0 ||| qw: Melee chars always use a shield: true
     0 | D:1      | 0 ||| qw: God list: Okawaru
     0 | D:1      | 0 ||| qw: Allow faded altars: false
     0 | D:1      | 0 ||| qw: Do Orc after clearing Dungeon:15 true
     0 | D:1      | 0 ||| qw: Do second Lair branch before Depths: true
     0 | D:1      | 0 ||| qw: Lair rune preference: random
     0 | D:1      | 0 ||| qw: Goals: Normal
     0 | D:1      | 0 ||| PLANNING D:1-11
   156 | D:1      | Reached skill level 3 in Ranged Weapons
   156 | D:1      | Reached XP level 2. HP: 17/23 MP: 2/2
   274 | D:1      | 274 ||| FLEEEEING.
   275 | D:1      | 275 ||| FLEEEEING.
   276 | D:1      | 276 ||| FLEEEEING.
   277 | D:1      | 277 ||| FLEEEEING.
   278 | D:1      | 278 ||| FLEEEEING.
   445 | D:1      | Reached XP level 3. HP: 29/29 MP: 3/3
   666 | D:1      | 666 ||| FLEEEEING.
   755 | D:1      | 755 ||| UPGRADING to +0 leather armour.
   765 | D:1      | 765 ||| DROPPING +0 robe.
   766 | D:1      | 766 ||| READING scroll labelled XUMMAC MUNYKK.
   767 | D:1      | 767 ||| READING scroll labelled GAUBEFF QIOWKU.
   768 | D:1      | 768 ||| DRINKING 2 bubbling silvery potions.
   769 | D:1      | 769 ||| DROPPING scroll of poison.
   844 | D:2      | Found a faded altar of an unknown god.
  1219 | D:2      | Noticed Jessica
  1225 | D:2      | Killed Jessica
  1226 | D:2      | Reached skill level 4 in Ranged Weapons
  1226 | D:2      | Reached XP level 4. HP: 19/36 MP: 4/4
  1230 | D:2      | HP: 6/36 [frozen (5)]
  1870 | D:2      | 1870 ||| UPGRADING to amulet of reflection.
  1875 | D:2      | 1875 ||| READING scroll labelled FOSEMOSMIW.
  2202 | D:3      | Found a snail-covered altar of Cheibriados.
  2217 | D:3      | Reached skill level 5 in Ranged Weapons
  2424 | D:3      | 2424 ||| READING 2 scrolls labelled GEXTUUTWEIL.
  2425 | D:3      | 2425 ||| READING scroll labelled HAOX FO SALI.
  2430 | D:3      | 2430 ||| DRINKING 3 smoky emerald potions.
  2431 | D:3      | 2431 ||| DROPPING scroll of vulnerability.
  2432 | D:3      | 2432 ||| DROPPING 2 potions of attraction.
  2605 | D:4      | Noticed a scorpion
  2616 | D:4      | Killed a scorpion
  2617 | D:4      | Reached skill level 3 in Fighting
  2617 | D:4      | Reached XP level 5. HP: 25/45 MP: 5/5
  2619 | D:4      | 2619 ||| FLEEEEING.
  2620 | D:4      | 2620 ||| FLEEEEING.
  2621 | D:4      | 2621 ||| FLEEEEING.
  2622 | D:4      | 2622 ||| FLEEEEING.
  2623 | D:4      | 2623 ||| FLEEEEING.
  2635 | D:4      | 2635 ||| FLEEEEING.
  2636 | D:4      | 2636 ||| FLEEEEING.
  2637 | D:4      | 2637 ||| FLEEEEING.
  2638 | D:4      | 2638 ||| STAIRDANCE
  2721 | D:3      | 2721 ||| DRINKING 2 cyan potions.
  2771 | D:4      | Reached skill level 6 in Ranged Weapons
  2865 | D:4      | Reached XP level 6. HP: 49/52 MP: 6/6
  2940 | D:4      | Reached skill level 7 in Ranged Weapons
  3146 | D:4      | Reached XP level 7. HP: 56/59 MP: 7/7
  3186 | D:4      | 3186 ||| SWAPPING to +0 orcbow.
  3187 | D:4      | 3187 ||| DROPPING +1 sling of flaming.
  3242 | D:4      | Found an ornate altar of the Wu Jian Council.
  3397 | D:4      | 3397 ||| READING scroll labelled KUMEMO ZOMU.
  3398 | D:4      | 3398 ||| DRINKING 3 smoky blue potions.
  3442 | D:4      | 3442 ||| DRINKING 2 bubbling ruby potions.
  3443 | D:4      | 3443 ||| DRINKING 2 inky potions.
  3444 | D:4      | 3444 ||| DROPPING 2 potions of lignification.
  3468 | D:5      | Entered Level 5 of the Dungeon
  3565 | D:5      | Noticed Duvessa
  3565 | D:5      | Noticed Dowan
  3569 | D:5      | 3569 ||| FLEEEEING.
  3570 | D:5      | 3570 ||| FLEEEEING.
  3571 | D:5      | 3571 ||| FLEEEEING.
  3572 | D:5      | 3572 ||| FLEEEEING.
  3577 | D:5      | HP: 13/53 [Dowan/puff of flame (11)]
  3577 | D:5      | HP: 1/53 [Duvessa/+1 short sword of draining (12)]
  3577 | D:5      | Slain by Duvessa

Levels and vault maps discovered:
D:1:      lightli_arrival_farm, layout_basic
D:2:      layout_loops_corners, shapermc_ecumenical_altar_petra, uniq_jessica
D:3:      layout_basic, slow_altar_1, dk_noncrumbling_4
D:4:      minmay_angry_zag, layout_basic, nicolae_wu_jian_immortal_techniques,
          kennysheep_nub
D:5:      layout_cave_pools, minmay_temple_entry_butterflies, serial_shops,
          nicolae_shop_overgrown_old_shop, nicolae_shop_vocational, uniq_duvessa

Skill      XL: |  1  2  3  4  5  6 |
---------------+-------------------+-----
Ranged Weapons | 3 4 5 6 7 |  7.9
Fighting       | 2 3 4 |  4.0
Dodging        | |  2.1
Spellcasting   | |  1.0
Hexes          | |  2.0

Action                     |  1- 3 |  4- 6 |  7- 9 || total
---------------------------+-------+-------+-------++-------
   Fire: Sling             |    92 |   150 |     1 ||   243
         Orcbow            |       |       |    20 ||    20
    Use: Scroll            |     2 |     3 |     1 ||     6
         Potion            |     1 |     2 |     3 ||     6
 Armour: Robe              |     3 |       |       ||     3
         Leather armour    |     2 |     8 |     1 ||    11
  Dodge: Dodged            |    16 |    27 |     1 ||    44
  Block: Other             |       |    12 |     2 ||    14

Table legend:
 A = Non-vault XP
 B = Vault XP
 C = Vault XP percentage of total XP
 D = Non-vault monster count
 E = Vault monster count
 F = Vault count percentage of total count
                 A         B        C        D         E       F
            +---------+---------+-------+---------+---------+-------
      Total |     518 |     335 |  39.3 |      69 |       9 |  11.5
            +---------+---------+-------+---------+---------+-------
        D:1 |      45 |       0 |   0.0 |      22 |       0 |   0.0
        D:2 |      32 |      37 |  53.6 |      19 |       1 |   5.0
        D:3 |      21 |      39 |  65.0 |      11 |       1 |   8.3
        D:4 |     420 |     259 |  38.1 |      17 |       7 |  29.2
            +---------+---------+-------+---------+---------+-------
